 Dungeon Crawl Stone Soup version 0.21-a0-476-gd103f4b (webtiles) character file.

34 kae the Insei (level 3, 0/28 HPs)
             Began as a Draconian Transmuter on Nov 22, 2017.
             Succumbed to an adder's poison
             ... on level 1 of the Dungeon.
             The game lasted 00:01:03 (1201 turns).

kae the Insei (Draconian Transmuter)                Turns: 1201, Time: 00:01:04

Health: 0/28       AC:  5    Str: 12    XL:     3   Next: 14%
Magic:  5/6        EV: 12    Int: 13    God:
Gold:   48         SH:  0    Dex: 12    Spells: 5/6 levels left

rFire    . . .     SeeInvis .   d - +0 club
rCold    . . .     Gourm    .   (no shield)
rNeg     . . .     Faith    .   (armour unavailable)
rPois    .         Spirit   .   (helmet restricted)
rElec    .         Reflect  .   (no cloak)
rCorr    .         Harm     .   (no gloves)
MR       .....                  (no boots)
Stlth    +.........             (no amulet)
HPRegen  0.09/turn              (no ring)
MPRegen  0.10/turn              (no ring)

@: lethally poisoned (0 -> -5)
A: unfitting armour, cold-blooded, AC +5
a: no special abilities


You were on level 1 of the Dungeon.
You were not hungry.

You visited 1 branch of the dungeon, and saw 2 of its levels.

You collected 48 gold pieces.

Inventory:

Hand Weapons
 d - a +0 club (weapon)
Missiles
 a - 12 arrows
Books
 b - a book of Changes

   Spells                             Type                      Level
   a - Beastly Appendage              Transmutation                1
   b - Sticks to Snakes               Transmutation                2
   c - Spider Form                    Transmutation/Poison         3
   d - Ice Form                       Ice/Transmutation            4
   e - Blade Hands                    Transmutation                5
Comestibles
 c - a bread ration
 j - 5 chunks of flesh


   Skills:
 - Level 1.1 Fighting
 - Level 1.7 Dodging
 * Level 3.5 Unarmed Combat
 + Level 2.3 Spellcasting
 * Level 2.7 Transmutations


You had 5 spell levels left.
You knew the following spells:

 Your Spells              Type           Power        Failure   Level  Hunger
a - Beastly Appendage     Tmut           #.....       8%          1    #......


Dungeon Overview and Level Annotations

Branches:
Dungeon (2/15)

Altars:


Innate Abilities, Weirdness & Mutations

Your plain brown scales are hard. (AC +5)
You cannot fit into any form of body armour.
You are cold-blooded and may be slowed by cold attacks.


Message History

* * * LOW HITPOINT WARNING * * *
You feel sick.
As you read the scroll labeled FENGONO LISO, it crumbles to dust.
You assume a fearsome visage.
Nothing appears to happen.
It was a scroll of fear.
* * * LOW HITPOINT WARNING * * *
You feel sick.
You aren't carrying any pieces of jewellery.
Unknown command.
Unknown command.
Unknown command.
Firing (i - inventory): No suitable missiles.
Press: ? - help, Shift-Dir - straight line, f - you
Okay, then.
There is a lethal amount of poison in your body!
There is a lethal amount of poison in your body!
There is a lethal amount of poison in your body!
There is a lethal amount of poison in your body!
There is a lethal amount of poison in your body!
You die...

### #.################
#.................
#.################ #.#
#........ #.# #.#######
#.# #.#
#.########.#######
#@................
#.########...##### #.#
#...###.##### ######.#
#...# #...... #......#
#...# #######
#......####...#########
#......'...............
#......###.######...###
#......# #.######...#


There were no monsters in sight!

Vanquished Creatures
  An adder (D:1)
  A dart slug (D:1)
  2 leopard geckos (D:1)
  A ball python (D:1)
  A giant cockroach (D:1)
  2 goblins (D:2)
  A hobgoblin (D:1)
  3 jackals (D:1)
  2 bats
  A frilled lizard (D:1)
  3 kobolds (D:1)
  3 rats (D:1)
21 creatures vanquished.

Notes
Turn   | Place    | Note
-------+----------+-------------------------------------------
     0 | D:1      | kae the Draconian Transmuter began the quest for the Orb.
     0 | D:1      | Reached XP level 1. HP: 16/16 MP: 3/3
   181 | D:1      | Reached XP level 2. HP: 23/23 MP: 3/5
  1166 | D:2      | HP: 1/23 [poisoned by an adder]
  1176 | D:2      | Found a faded altar of an unknown god.
  1191 | D:1      | Reached XP level 3. HP: 6/28 MP: 4/6
  1198 | D:1      | HP: 1/28 [poisoned by an adder]
  1201 | D:1      | Succumbed to an adder's poison

Vault maps used:
D:1:      doesnt_arrival_eight_statues
D:2:      chequers_temple_overflow_minitemple,
          chequers_ecumenical_altar_simple_redux,
          nicolae_tso_swordbearing_angel, uniq_robin, uniq_crazy_yiuf_cottage

Action                   || total
-------------------------++-------
Melee: Unarmed           ||    34
       Tailslap          ||    11
       Kick              ||     8
       Headbutt          ||     4
       Club              ||    35
 Cast: Beastly Appendage ||    13
  Use: Potion            ||     2
       Scroll            ||     3
  Eat: Chunk             ||     1
Armor: Skin              ||    32
Dodge: Dodged            ||    73

Table legend:
 A = Spawn XP
 B = Non-spawn XP
 C = Spawn XP percentage of total XP
 D = Spawn monster count
 E = Non-spawn monster count
 F = Spawn count percentage of total count
 G = Total turns spent on level
                    A         B        C        D         E        F      G
               +---------+---------+-------+---------+---------+-------+---------
         Total |       0 |      49 |   0.0 |       0 |      21 |   0.0 |  1201
               +---------+---------+-------+---------+---------+-------+---------
           D:1 |       0 |      44 |   0.0 |       0 |      18 |   0.0 |  1144
           D:2 |       0 |       5 |   0.0 |       0 |       3 |   0.0 |    57
               +---------+---------+-------+---------+---------+-------+---------
